 Dungeon Crawl Stone Soup version 0.31-a0-1164-geb876a39b7 (webtiles) character file.

Game seed: 15468256004156734937

4623 NinoLikesCookies the Grasshopper (level 10, -20/77 HPs)
             Began as a Red Draconian Conjurer on Oct 14, 2023.
             Was a High Priest of Lugonu.
             Demolished by a yak (35 damage)
             ... on level 6 of the Dungeon on Dec 9, 2023.
             The game lasted 01:57:42 (8788 turns).

NinoLikesCookies the Grasshopper (DrCj)             Turns: 8788, Time: 01:57:43

Health: -20/77     AC: 10    Str: 10    XL:     10   Next: 19%
Magic:  3/19       EV:  2    Int: 22    God:    Lugonu [*****.]
Gold:   2248       SH:  0    Dex: 15    Spells: 8/21 levels left

rFire   + . .        B - +0 rapier
rCold   . . .        (no shield)
rNeg    . . .        (body armour unavailable)
rPois   .            (helmet restricted)
rElec   .            (no cloak)
rCorr   .            j - +1 pair of gloves
SInv    .            k - +0 pair of boots
Will    +....        (no amulet)
Stlth   +++          y - ring of Lairgh {Drain Will+ Int+2 Dex+3}
HPRegen 0.32/turn    A - ring of wizardry
MPRegen 0.16/turn

%: wizardry (x1)
@: mighty, sleeping
A: breathe fire, AC +7, unfitting armour, fire resistance 1, cold-blooded
a: Breathe Fire, Renounce Religion, Depart the Abyss, Banish, Corrupt, Enter the
Abyss


You were on level 6 of the Dungeon.
You worshipped Lugonu.
Lugonu was extremely pleased with you.
You visited 1 branch of the dungeon, and saw 6 of its levels.
You also visited: Ossuary.

You collected 2501 gold pieces.
You spent 253 gold pieces at shops.

Inventory:

Hand Weapons
 c - a +0 dagger
 B - a +0 rapier (weapon)
Missiles
 d - 10 boomerangs
 g - 9 poisoned darts
 t - 8 atropa-tipped darts
 w - 2 throwing nets
Armour
 j - a +1 pair of gloves (worn)
 k - a +0 pair of boots (worn)
Jewellery
 b - a ring of resist corrosion
 y - the ring of Lairgh (left hand) {Drain Will+ Int+2 Dex+3}
   (You acquired it on level 3 of the Dungeon)

   [ring of willpower]

   Int+2:     It affects your intelligence (+2).
   Dex+3:     It affects your dexterity (+3).
   Will+:     It increases your willpower.
   Drain:     It drains your maximum health when unequipped.
 z - a +6 ring of strength
 A - a ring of wizardry (right hand)
Wands
 e - a wand of iceblast (4)
 m - a wand of flame (27)
 s - a wand of polymorph (7)
Scrolls
 a - a scroll of amnesia
 h - 2 scrolls of fear
 l - a scroll of blinking
 q - a scroll of poison {unknown}
 r - 3 scrolls of teleportation
 x - a scroll of noise {unknown}
Potions
 f - 2 potions of curing
 i - a potion of attraction
 o - a potion of lignification
 u - a potion of resistance {unknown}
 v - a potion of invisibility {unknown}


   Skills:
 + Level 3.0 Fighting
 + Level 0.0 Short Blades
 - Level 5.0 Dodging
 - Level 6.7 Stealth
 + Level 6.0 Spellcasting
 - Level 5.4 Conjurations
 + Level 2.0 Hexes
 + Level 3.6 Summonings
 - Level 6.8 Translocations
 - Level 5.0 Invocations
 - Level 0.5 Evocations


You had 8 spell levels left.
You knew the following spells:

 Your Spells              Type           Power      Damage    Failure   Level
a - Magic Dart            Conj           100%       1d8       1%          1
b - Apportation           Tloc           72%        N/A       1%          1
c - Searing Ray           Conj           60%        2d6       1%          2
d - Summon Small Mammal   Summ           88%        N/A       1%          1
e - Call Canine Familiar  Summ           22%        N/A       2%          3
f - Dazzling Flash        Conj/Hex       44%        N/A       2%          3
g - Jinxbite              Hex            30%        N/A       2%          2

Your spell library contained the following spells:

 Spells                   Type           Power      Damage    Failure   Level
 Summon Guardian Golem    Hex/Summ       19%        N/A       3%          3
 Iskenderun's Mystic Bla  Conj/Tloc      33%        2d8       3%          4
 Fulminant Prism          Conj/Hex       11%        3d8       9%          4
 Alistair's Intoxication  Tmut/Pois      4%         N/A       65%         5


Dungeon Overview and Level Annotations

Branches:
Dungeon (6/15)             Temple (0/1) D:4         Ossuary (visited)

Altars:
Ashenzari
Cheibriados
Elyvilon
Kikubaaqudgha
Qazlal
Lugonu

Shops:
D:5 *

Annotations:
D:6 1 transporter, Xtruder99's ghost, novice GnSh
Abyss:1 Sigmund


Innate Abilities, Weirdness & Mutations

You can breathe blasts of fire.
Your fiery red scales are hard. (AC +7)
You cannot fit into any form of body armour.
Your flesh is heat resistant. (rF+)
You are cold-blooded and may be slowed by cold attacks.


Message History

The yak gores you. The troll bites you! The troll claws you.
The troll claws you but does no damage. The sleepcap barely misses you.
Xtruder99's ghost hits you but does no damage.
Aiming: Throw Flame
Press: ? - help, Shift-Dir - straight line, f - iguana
Aim: an iguana (almost dead, wandering, blind, hasn't noticed you, 72% to hit)
The puff of flame hits Xtruder99's ghost but does no damage.
Xtruder99's ghost is lightly damaged.
The yak gores you. The troll bites you! The troll claws you.
* * * LOW HITPOINT WARNING * * *
The troll claws you but does no damage.
The sleepcap releases spores at you but does no damage.
Xtruder99's ghost hits you!
* * * LOW HITPOINT WARNING * * *
You feel much better. The yak closely misses you.
The troll bites you but does no damage. The troll claws you.
The troll claws you but does no damage. The sleepcap releases spores at you.
* * * LOW HITPOINT WARNING * * *
Xtruder99's ghost barely misses you.
The iguana is no longer blind.
The yak barely misses you.
Aiming: Iceblast
Press: ? - help, Shift-Dir - straight line, p - iguana
Okay, then.
You closely miss the troll.
The troll is heavily wounded.
The troll misses you. The troll claws you.
* * * LOW HITPOINT WARNING * * *
The troll closely misses you. The yak misses you.
Xtruder99's ghost barely misses you.
You puncture the troll! You tail-slap the troll!
The troll is almost dead.
The troll bites you.
* * * LOW HITPOINT WARNING * * *
The troll closely misses you. The troll misses you.
The sleepcap releases spores at you.
* * * LOW HITPOINT WARNING * * *
You are engulfed in a cloud of soporific spores!
You fall asleep.
The yak gores you!!
You die...

#....######.......### ##.##.##
###...#......)......###...#..###
#..............................
##......#########...##...##.##.
##.#..##......©##..###.###.##.
#....#8.......8#..# ### #.##.
#.#..#.........#..# #.##.
#.#..#.....Yf.)#..## ##.##.
#...©#....lT@.%#©..### #..##.
###..#...†.W..?#.....# #.####
#..#.........#...#.# #.#
#..#8.......8#...#.###.#
#..##.......##.........#
#...#########....#.#####
#................#.#
##................<#####
########.##############


You could see a yak, a troll, a sleepcap, an iguana and Xtruder99's ghost.

Vanquished Creatures
  A cyclops (D:6)
  Grinder (D:3)
  An ice beast (D:5)
  A sky beast (D:3)
  An orc warrior (D:6)
  The ghost of kae the Changeling, an amateur DgSh (D:3)
  4 ogres
  A phantom (D:6)
  Blork the orc (D:5)
  3 kobold brigands (D:6)
  A bullfrog (D:6)
  3 gnoll sergeants (D:6)
  A scorpion (D:6)
  2 wights (D:6)
  8 howler monkeys (D:6)
  2 bullfrog zombies (D:6)
  8 hounds (D:6)
  4 human zombies
  A bullfrog skeleton (D:3)
  3 centaur zombies (Ossuary)
  2 gnoll boudas (D:6)
  A jelly (D:5)
  6 orc priests
  An iguana (D:6)
  Natasha (thrice) (D:2)
  4 orc wizards
  A crocodile zombie (Ossuary)
  Robin (D:3)
  7 mummies
  2 howler monkey zombies
  12 gnolls
  7 adders
  2 white imps
  2 adder zombies (Ossuary)
  34 orcs
  7 ball pythons
  3 bats
  9 endoplasms
  A giant cockroach (D:4)
  A gnoll zombie (Ossuary)
  14 goblins
  7 hobgoblins
  5 kobolds
  4 quokkas
  2 ball python zombies (Ossuary)
  2 frilled lizards
  4 hobgoblin zombies (Ossuary)
  2 kobold zombies (Ossuary)
  2 orc zombies (Ossuary)
  A quokka zombie (Ossuary)
  3 rats
200 creatures vanquished.

Vanquished Creatures (collateral kills)
  2 ogres
  An elf zombie (Ossuary)
  A necrophage (D:6)
  A scorpion (D:5)
  A water moccasin skeleton (D:3)
  A centaur zombie (Ossuary)
  An orc priest (D:6)
  A gnoll bouda (D:6)
  A hound (D:6)
  2 orc wizards
  A howler monkey skeleton (D:3)
  2 adders
  A shadow imp (D:3)
  4 adder zombies (Ossuary)
  6 orcs
  A gnoll zombie (Ossuary)
  2 kobolds (D:6)
  2 ball python zombies (Ossuary)
  3 hobgoblin zombies (Ossuary)
  2 jackal zombies (Ossuary)
  2 kobold zombies (Ossuary)
  3 quokka zombies (Ossuary)
41 creatures vanquished.

Vanquished Creatures (others)
  A mummy (D:6)
1 creature vanquished.

Grand Total: 242 creatures vanquished

Notes
Turn   | Place    | Note
-------+----------+-------------------------------------------
     0 | D:1      | NinoLikesCookies the Draconian Conjurer began the quest for
                  | the Orb.
     0 | D:1      | Reached XP level 1. HP: 14/14 MP: 3/3
   468 | D:2      | Reached XP level 2. HP: 9/20 MP: 5/5
   582 | D:2      | Reached XP level 3. HP: 14/26 MP: 1/6
   705 | D:2      | Noticed Natasha
   713 | D:2      | Killed Natasha
   757 | D:2      | Reached XP level 4. HP: 33/33 MP: 4/7
   770 | D:2      | Found a faded altar of an unknown god.
   802 | D:2      | Noticed Natasha
   816 | D:2      | Killed Natasha
   910 | D:2      | Prayed at the altar of an unknown god.
   910 | D:2      | Became a worshipper of Lugonu the Unformed
   910 | D:2      | Reached * piety under Lugonu
   978 | D:2      | Learned a level 1 spell: Apportation
   981 | D:2      | Learned a level 2 spell: Searing Ray
  1248 | D:2      | Noticed Natasha
  1254 | D:2      | Killed Natasha
  1464 | D:3      | Found a stormy altar of Qazlal.
  1464 | D:3      | Noticed a sky beast
  1478 | D:3      | Killed a sky beast
  1479 | D:3      | Reached XP level 5. HP: 24/38 MP: 0/9
  1593 | D:3      | Found a transporter.
  1598 | D:3      | Noticed kae's ghost (amateur DgSh)
  1602 | D:3      | Found a transporter.
  1664 | D:3      | Reached skill level 5 in Conjurations
  1666 | D:3      | Reached XP level 6. HP: 43/46 MP: 0/11
  1691 | D:3      | Found a white marble altar of Elyvilon.
  1711 | D:3      | Noticed Robin
  1753 | D:3      | Killed Robin
  1753 | D:3      | Reached ** piety under Lugonu
  2082 | D:3      | Noticed Sigmund
  2323 | D:3      | Banished Sigmund
  2324 | D:3      | Reached skill level 1 in Fighting
  2324 | D:3      | Reached skill level 1 in Summonings
  2324 | D:3      | Upgraded the game from 0.31-a0-879-g1609e0ac53 to
                  | 0.31-a0-1098-g6898e6545c
  2324 | D:3      | Upgraded the game from 0.31-a0-1098-g6898e6545c to
                  | 0.31-a0-1161-g593ecc88b7
  2459 | D:3      | Noticed Grinder
  2460 | D:3      | Identified 3 scrolls of acquirement
  2460 | D:3      | Acquired the ring of Lairgh {Drain Will+ Int+2 Dex+3}
  2469 | D:3      | Your scales start taking on a fiery red colour.
  2469 | D:3      | Reached XP level 7. HP: 39/52 MP: 3/12
  2469 | D:3      | Gained mutation: Your flesh is heat resistant. (rF+) [Red
                  | Draconian growth]
  2475 | D:3      | Killed Grinder
  2556 | D:3      | Learned a level 1 spell: Summon Small Mammal
  2560 | D:3      | Learned a level 3 spell: Call Canine Familiar
  2633 | D:3      | Learned a level 3 spell: Dazzling Flash
  2674 | D:3      | Killed kae's ghost
  2887 | D:3      | Acquired 605 gold pieces
  2890 | D:3      | Acquired 572 gold pieces
  2989 | D:4      | Reached skill level 1 in Hexes
  3072 | D:4      | Reached XP level 8. HP: 53/62 MP: 7/13
  3092 | D:4      | Learned a level 2 spell: Jinxbite
  3255 | D:4      | Found a snail-covered altar of Cheibriados.
  3375 | D:4      | Acquired 869 gold pieces
  3573 | D:4      | Reached *** piety under Lugonu
  3947 | D:4      | Upgraded the game from 0.31-a0-1161-g593ecc88b7 to
                  | 0.31-a0-1164-geb876a39b7
  3995 | D:4      | Found a staircase to the Ecumenical Temple.
  4142 | D:5      | Entered Level 5 of the Dungeon
  4152 | D:5      | Found a sand-covered staircase.
  4212 | D:5      | Reached skill level 1 in Translocations
  4334 | Ossuary  | Entered an ossuary
  4385 | Ossuary  | Reached skill level 5 in Dodging
  4484 | Ossuary  | Reached skill level 1 in Invocations
  4741 | Ossuary  | Reached skill level 5 in Stealth
  4887 | Ossuary  | Reached **** piety under Lugonu
  4995 | D:5      | Noticed Blork the orc
  5016 | D:5      | Killed Blork the orc
  5029 | D:5      | Found Qarot's Assorted Antiques.
  5073 | D:5      | Bought a scroll labelled ABOKIH BUAGOP for 23 gold pieces
  5605 | D:6      | Reached XP level 9. HP: 63/69 MP: 12/15
  5736 | D:6      | Found a broken altar of Ashenzari.
  5986 | D:6      | Found a transporter.
  5987 | D:6      | Noticed a troll
  5990 | D:6      | Noticed Xtruder99's ghost (novice GnSh)
  6130 | D:6      | Found a transporter.
  6684 | D:6      | Reached skill level 5 in Spellcasting
  6794 | D:6      | Reached ***** piety under Lugonu
  6811 | D:6      | Reached skill level 5 in Translocations
  6898 | D:6      | Noticed a cyclops
  6931 | D:6      | Found an ancient bone altar of Kikubaaqudgha.
  7826 | D:6      | Killed a cyclops
  7827 | D:6      | Reached XP level 10. HP: 37/77 MP: 2/18
  8378 | D:6      | Reached skill level 5 in Invocations
  8713 | D:5      | Bought a bronze ring for 115 gold pieces
  8713 | D:5      | Bought a garnet ring for 115 gold pieces
  8788 | D:6      | Demolished by a yak

Illustrated notes

Levels and vault maps discovered:
D:1:      erik_arrival_blinker_ship, layout_rooms
D:2:      layout_basic, basic_ecumenical_altar, kennysheep_nondescript,
          uniq_natasha
D:3:      layout_loops_ring, elyvilon_altar_3, nicolae_qazlal_beasts_of_the_sky,
          gammafunk_ghost_mausoleum, kennysheep_orc_chapel, uniq_sigmund,
          uniq_robin, uniq_grinder
D:4:      cheibrodos_pilgrimage, layout_cave_pods, old_standard_altar,
          minmay_temple_entry_nine_rooms, roderic_roman_lattice,
          corexii_mini_fake_secret_closet
D:5:      layout_layer_cave, nicolae_ossuary_entry_ruins, serial_shops,
          nicolae_shop_behind_doors, uniq_blork_the_orc
D:6:      lemuel_castle_with_subvaults [lemuel_castle_interior_carwin_2],
          layout_loops_corners, lemuel_mausoleum_altar_kikubaaqudgha,
          ashenzari_conservatory_becter, gammafunk_ghost_arena

Skill      XL: |  1  2  3  4  5  6  7  8  9 10 |
---------------+-------------------------------+-----
Dodging        | 2 3 4 5 |  5.0
Stealth        | 2 3 4 5 6 |  6.7
Spellcasting   | 3 4 5 6 |  6.0
Conjurations   | 5 |  5.4
Fighting       | 1 2 3 |  3.0
Summonings     | 1 3 |  3.6
Hexes          | 1 2 |  2.0
Translocations | 3 6 |  6.8
Invocations    | 2 4 5 |  5.0
Evocations     | |  0.5

Action                     |  1- 3 |  4- 6 |  7- 9 | 10-12 || total
---------------------------+-------+-------+-------+-------++-------
  Melee: Dagger            |    38 |    42 |   474 |    30 ||   584
         Whip              |     8 |       |       |       ||     8
         Tailslap          |     2 |     3 |    78 |     7 ||    90
         Punch             |     1 |     1 |    12 |     1 ||    15
         Rapier            |       |       |       |     2 ||     2
  Throw: Dart              |       |     1 |       |       ||     1
         Boomerang         |       |     1 |       |       ||     1
   Cast: Magic Dart        |    22 |    33 |    33 |       ||    88
         Searing Ray       |       |     8 |    59 |    16 ||    83
         Call Canine Famil |       |       |    28 |     5 ||    33
         Summon Small Mamm |       |       |    15 |       ||    15
         Dazzling Flash    |       |       |       |     2 ||     2
         Jinxbite          |       |       |       |     1 ||     1
 Invoke: Banish            |       |     1 |       |       ||     1
Ability: Breathe Fire      |       |       |     1 |       ||     1
  Evoke: Wand              |       |       |       |     1 ||     1
    Use: Potion            |       |     1 |    10 |     2 ||    13
         Scroll            |       |     1 |    19 |       ||    20
   Stab: Sleeping          |       |     1 |     2 |       ||     3
         Distracted        |       |       |     2 |     1 ||     3
 Armour: Skin              |    25 |    55 |   366 |    60 ||   506
  Dodge: Dodged            |    35 |    45 |   365 |    48 ||   493

Table legend: (Time is in decaauts)
 A = Elapsed time spent in this place.
 B = Non-inter-level travel time spent in this place.
 C = Inter-level travel time spent in this place.
 D = Time resting spent in this place.
 E = Time spent auto-exploring this place.
 F = Levels seen in this place.
 G = Mean time per level.
                   A        B        C        D        E       F      G
               +--------+--------+--------+--------+--------+-----+--------+
         Total |   8857 |   8691 |    166 |    644 |   4705 |   7 | 1265.3 |
       Dungeon |   8203 |   8037 |    166 |    644 |   4320 |   6 | 1367.2 |
       Ossuary |    653 |    653 |      0 |      0 |    385 |   1 |  653.0 |
               +--------+--------+--------+--------+--------+-----+--------+

Top non-repeatable levels by time:
     D:6: 3260 daAuts
     D:3: 1491 daAuts
     D:4: 1195 daAuts
     D:2: 1015 daAuts
     D:5: 795 daAuts
 Ossuary: 653 daAuts
     D:1: 445 daAuts
